 Dungeon Crawl Stone Soup version bcrawl-1.32 (webtiles) character file.

Game seed: 15550801137366975709

185113 Morbidden the Ducker (level 7, 71/73 HPs)
             Began as an Ogre Archaeologist on June 20, 2021.
             Quit the game on level 4 of the Dungeon.
             The game lasted 00:05:29 (3782 turns).

Morbidden the Ducker (Ogre Archaeologist)           Turns: 3782, Time: 00:05:30

Health: 71/73      AC:  6    Str: 18      XL:     7   Next: 13%
Magic:  7/7        EV: 11    Int: 15      God:
Gold:   242        SH:  0    Dex:  8 (10) Spells: 3/6 levels left

rFire    + + +     SeeInvis .   a - +2 whip (flame)
rCold    + . .     Gourm    .   (no shield)
rNeg     . . .     Faith    .   c - +1 robe
rPois    +         Spirit   .   d - +1 hat
rElec    +         Reflect  .   (no cloak)
rCorr    .         Harm     .   (gloves unavailable)
MR       .....     Rnd*Tele +   (boots unavailable)
Stlth    ++........             (no amulet)
HPRegen  0.22/turn              m - ring of protection from cold
MPRegen  0.10/turn              h - ring "Awucia" {rElec rF++ Dex+5 Slay+2}

@: no status effects
A: large, unfitting armour, rugged brown scales 1, blurry vision 1, clumsy 1,
fire resistance 1, high mp 1, poison resistance, teleportitis 1, tough skin 1
a: no special abilities


You were on level 4 of the Dungeon.
You were hungry.

You visited 2 branches of the dungeon, and saw 5 of its levels.

You collected 242 gold pieces.

Inventory:

Hand Weapons
 a - a +2 whip of flaming (weapon)
 b - a +0 blowgun
 o - a +1 vampiric war axe
Missiles
 f - 5 curare-tipped needles
 j - 833 stones (quivered)
 u - 40 large rocks
 w - 105 poisoned needles
Armour
 c - a +1 robe (worn)
 d - a +1 hat (worn)
Jewellery
 h - the ring "Awucia" (right hand) {rElec rF++ Dex+5 Slay+2}
   (You acquired it on level 3 of the Dungeon)

   [ring of dexterity]

   It affects your dexterity (+5).
   It affects your accuracy and damage with ranged weapons and melee attacks
   (+2).
   It greatly protects you from fire.
   It insulates you from electricity.
 m - a ring of protection from cold (left hand)
 y - an uncursed ring of protection from magic
Scrolls
 g - 2 scrolls of magic mapping
 i - 3 scrolls of identify
 n - a scroll of fog {unknown}
 s - a scroll of noise {unknown}
 t - 3 scrolls of enchant armour {unknown}
 x - a scroll of fear {unknown}
 B - a scroll of teleportation {unknown}
Potions
 p - a potion of degeneration {unknown}
 q - 2 potions of lignification
 r - a potion of cancellation {unknown}
 z - a potion of curing {unknown}
 A - a potion of brilliance {unknown}
Comestibles
 e - 7 rations {!d}


   Skills:
 * Level 4.9 Fighting
 + Level 3.8 Maces & Flails
 + Level 1.1 Throwing
 * Level 4.9 Dodging
 + Level 3.2 Stealth


You had 3 spell levels left.
You knew the following spells:

 Your Spells              Type           Power        Failure   Level  Hunger
a - Magic Dart            Conj           #...         26%         1    None
b - Searing Ray           Conj           #.......     38%         2    ####...

Your spell library contained the following spells:

 Spells                   Type           Power        Failure   Level  Hunger
 Iskenderun's Mystic Bla  Conj           #.......     63%         3    #####..
 Fulminant Prism          Conj/Hex       #.........   95%         4    ######.
 Irradiate                Conj/Tmut      #.........   100%        5    #######


Dungeon Overview and Level Annotations

Branches:
Dungeon (4/12)             Temple (1/1) D:4

Altars:
Ashenzari
Dithmenos
Elyvilon
Fedhas
Gozag
Hepliaklqana
Kikubaaqudgha
Lugonu
Makhleb
Okawaru
Qazlal
Ru
Sif Muna
Trog
Uskayaw
Xom
Yredelemnul
Zin
The Shining One


Innate Abilities, Weirdness & Mutations

You are too large for most types of armour.
You have tough skin. (AC +1)
You are partially covered in rugged brown scales. (AC +1, +3% HP)
Scrolls take you a little longer to read.
You are clumsy. (Dex -2)
Your flesh is heat resistant. (rF+)
You have an increased reservoir of magic. (+10% MP)
Your system is resistant to poisons. (rPois)
You are occasionally teleported next to monsters.


Message History

You start resting.
You recover from your berserk rage.
You start resting.
HP restored.
Things that are here:
a +0 rapier; a +2 leather armour of fire resistance the human corpse of Eustachio Quiver which item? (- for none, * to show all) (? for menu, Esc to quit)
Okay, then.
Really quaff the potion of mutation?
You feel extremely strange.
You feel clumsy.
Your vision sharpens.
You feel stronger.
Your vision blurs.
You feel more energetic.
No path to travel!
Really quaff the potion of mutation?
You feel extremely strange.
You feel clever.
You feel weaker.
You feel weirdly uncertain.
You feel resistant to heat.
You feel clumsy.
You feel resistant to poisons.
No path to travel!
Are you sure you want to abandon this character and quit the game? (Confirm with "yes".)

#####
###############...#####
#)))))@................
#.#############...#####
#)# ######### .@# ....
g5g# .... .5..# # ###.
....## #.#####. ...?.
.....## .##..# ##...#


There were no monsters in sight!

Vanquished Creatures
  Eustachio (D:4)
  An ogre (D:4)
  A scorpion (D:4)
  A crimson imp (D:3)
  A hound (D:4)
  An iguana (D:4)
  Terence (D:2)
  Robin (D:4)
  An adder (D:2)
  2 worms
  3 leopard geckos
  2 orcs (D:3)
  5 giant cockroaches
  7 goblins
  9 hobgoblins
  2 quokkas (D:2)
  A ball python (D:3)
  6 bats
  5 frilled lizards
  8 kobolds
  5 rats
64 creatures vanquished.

Notes
Turn   | Place    | Note
-------+----------+-------------------------------------------
     0 | D:1      | Morbidden the Ogre Archaeologist began the quest for the
                  | Orb.
     0 | D:1      | Reached XP level 1. HP: 19/19 MP: 1/1
   310 | D:1      | Reached XP level 2. HP: 27/27 MP: 2/2
   799 | D:2      | Reached XP level 3. HP: 26/35 MP: 3/3
  1622 | D:2      | Noticed Terence
  1638 | D:2      | Killed Terence
  1639 | D:2      | Reached XP level 4. HP: 32/42 MP: 4/4
  2023 | D:3      | Found an opulent altar of Gozag.
  2089 | D:3      | Found an iron altar of Okawaru.
  2089 | D:3      | Found a bloodstained altar of Trog.
  2599 | D:3      | Reached XP level 5. HP: 17/52 MP: 5/5
  2599 | D:3      | Identified a scroll of acquirement
  2599 | D:3      | Identified the +4 longbow "Ryaseh" {speed, Dex+3} (You
                  | acquired it on level 3 of the Dungeon)
  2599 | D:3      | Identified the ring "Awucia" {rElec rF++ Dex+5 Slay+2} (You
                  | acquired it on level 3 of the Dungeon)
  2875 | D:4      | Found a staircase to the Ecumenical Temple.
  2884 | Temple   | Entered the Ecumenical Temple
  3078 | Temple   | Learned a level 1 spell: Magic Dart
  3081 | Temple   | Learned a level 2 spell: Searing Ray
  3106 | D:4      | Noticed an ogre
  3140 | D:4      | Killed an ogre
  3141 | D:4      | Reached XP level 6. HP: 5/62 MP: 6/6
  3564 | D:4      | Noticed Eustachio
  3565 | D:4      | Noticed Robin
  3607 | D:4      | HP: 1/63 [Eustachio/+0 rapier (3)]
  3608 | D:4      | Gained mutation: Scrolls take you a little longer to read.
                  | [potion of mutation]
  3608 | D:4      | Gained mutation: You are partially covered in rugged brown
                  | scales. (AC +1, +3% HP) [potion of mutation]
  3608 | D:4      | Gained mutation: You are dopey. (Int -2) [potion of
                  | mutation]
  3608 | D:4      | Gained mutation: You are agile. (Dex +2) [potion of
                  | mutation]
  3621 | D:4      | Killed Eustachio
  3622 | D:4      | Reached XP level 7. HP: 9/73 MP: 7/7
  3624 | D:4      | Killed Robin
  3625 | D:4      | Reached skill level 1 in Throwing
  3780 | D:4      | Lost mutation: You are agile. (Dex +2) [potion of mutation]
  3780 | D:4      | Lost mutation: Scrolls take you a little longer to read.
                  | [potion of mutation]
  3780 | D:4      | Gained mutation: Your muscles are strong. (Str +2) [potion
                  | of mutation]
  3780 | D:4      | Gained mutation: Scrolls take you a little longer to read.
                  | [potion of mutation]
  3780 | D:4      | Gained mutation: You have an increased reservoir of magic.
                  | (+10% MP) [potion of mutation]
  3781 | D:4      | Lost mutation: You are dopey. (Int -2) [potion of mutation]
  3781 | D:4      | Lost mutation: Your muscles are strong. (Str +2) [potion of
                  | mutation]
  3781 | D:4      | Gained mutation: You are occasionally teleported next to
                  | monsters. [potion of mutation]
  3781 | D:4      | Gained mutation: Your flesh is heat resistant. (rF+)
                  | [potion of mutation]
  3781 | D:4      | Gained mutation: You are clumsy. (Dex -2) [potion of
                  | mutation]
  3781 | D:4      | Gained mutation: Your system is resistant to poisons.
                  | (rPois) [potion of mutation]
  3782 | D:4      | Quit the game

Skill      XL: |  1  2  3  4  5  6  7 |
---------------+----------------------+-----
Dodging        | 3 4 |  4.9
Fighting       | 2 4 |  4.9
Maces & Flails | 2 3 |  3.8
Stealth        | 3 |  3.2
Throwing       | 1 |  1.1

Action                   |  1- 3 |  4- 6 |  7- 9 || total
-------------------------+-------+-------+-------++-------
Melee: Whip              |    55 |   143 |     9 ||   207
       Mace              |    62 |    15 |       ||    77
 Fire: Blowgun           |     1 |     6 |       ||     7
Throw: Stone             |     5 |     5 |       ||    10
       Large rock        |       |     4 |       ||     4
  Use: Scroll            |       |     1 |       ||     1
       Potion            |       |     3 |     2 ||     5
 Stab: Sleeping          |     5 |     3 |       ||     8
  Eat: Chunk             |     6 |     6 |     1 ||    13
       Ration            |       |     1 |       ||     1
Armor: Robe              |    46 |    73 |       ||   119
       Skin              |       |    12 |     5 ||    17
Dodge: Dodged            |    89 |   103 |       ||   192
